 Dungeon Crawl Stone Soup version 0.14-a0-1761-gdbd231b (webtiles) character file.

362 HollowCharge the Ruinous (level 5, -3/38 HPs)
             Began as a Demigod Conjurer on Jan 4, 2014.
             Killed from afar by an orc wizard (6 damage)
             ... with a puff of flame
             ... on Level 3 of the Dungeon.
             The game lasted 00:20:01 (3628 turns).

HollowCharge the Ruinous (Demigod Conjurer)         Turns: 3628, Time: 00:20:01

HP  -3/38        AC  3     Str 12      XL: 5   Next: 10%
MP   3/15        EV 12     Int 21      God:
Gold 183         SH  0     Dex 16      Spells:  3 memorised,  5 levels left

rFire  . . .     SeeInvis .     l - +2,+1 dwarf short sword (venom)
rCold  . . .     Clarity  .     a - +0 robe
rNeg   . . .     Conserve .     (no shield)
rPois  .         rCorr    .     d - +0 cap
rElec  .         rRot     .     (no cloak)
SustAb . .       Spirit   .     n - +0 pair of gloves
rMut   +         Warding  .     (no boots)
Saprov . . .     Stasis   .     i - amulet of resist mutation {unknown}
                                (no ring)
                                (no ring)

@: slightly resistant to hostile enchantments, fairly stealthy
A: no striking features
a: no special abilities


You were on level 3 of the Dungeon.
You were hungry.

You visited 1 branch of the dungeon, and saw 4 of its levels.

You collected 183 gold pieces.

Inventory:

Hand weapons
 l - a +2,+1 dwarven short sword of venom (weapon)
Armour
 a - a +0 robe (worn)
 d - a +0 cap (worn)
 n - a +0 pair of gloves (worn)
 y - a +0 ring mail
 z - a +0 leather armour
Comestibles
 b - 3 bread rations
 g - 3 meat rations
 B - a choko
Scrolls
 j - 2 scrolls of remove curse
 m - 3 scrolls of identify {unknown}
 v - a scroll of enchant armour {unknown}
 A - a scroll of curse armour {unknown}
Jewellery
 i - an amulet of resist mutation (around neck) {unknown}
Potions
 e - 4 potions of heal wounds {unknown}
 f - 2 potions of curing {unknown}
 h - a potion of paralysis {unknown}
 k - 2 potions of lignification {unknown}
 o - a potion of magic {unknown}
 p - a potion of restore abilities {unknown}
 r - a potion of brilliance {unknown}
 s - a potion of invisibility {unknown}
 w - a potion of flight {unknown}
Books
 c - a book of Conjurations

   Spells                             Type                      Level
   *Magic Dart                        Conjuration                  1
   *Searing Ray                       Conjuration                  2
   *Dazzling Spray                    Conjuration/Hexes            3
   Iskenderun's Mystic Blast          Conjuration                  4
   Iskenderun's Battlesphere          Conjuration/Charms           4
   Fulminant Prism                    Conjuration/Hexes            5


   Skills:
 - Level 1.7 Dodging
 - Level 1.7 Stealth
 * Level 3.9 Spellcasting
 + Level 4.6 Conjurations


You had 5 spell levels left.
You knew the following spells:

 Your Spells              Type           Power        Failure   Level  Hunger
a - Magic Dart            Conj           ###.         1%          1    None
b - Searing Ray           Conj           ###...       2%          2    #......
c - Dazzling Spray        Conj/Hex       ##......     17%         3    ###....


Dungeon Overview and Level Annotations

Branches:
Dungeon (4/16)
 Temple: D:4-7

Annotations:
D:3 Herrn's ghost, average MiFi


Message History

A puff of flame appears from out of thin air!
The puff of flame hits you! It hits you but does no damage.
You climb upwards.
Level annotation: Herrn's ghost, average MiFi
There is a stone staircase leading down here.
You hear some strange, mumbled words.
A puff of flame appears from out of thin air!
The puff of flame hits you!
* * * LOW HITPOINT WARNING * * *
Casting: Searing Ray
Confirm with . or Enter, or press ? or * to list all spells.
Okay, then.
A puff of flame appears from out of thin air!
The puff of flame hits you!
Your scroll of enchant weapon I catches fire!
* * * LOW HITPOINT WARNING * * *
A puff of flame appears from out of thin air!
The puff of flame hits you!
You die...

#####...#####......###....##
#...# #........##....##
#...# #.........##....##
#...# #..........##....##
#...# #..#####....##....#
#...# #..# ##....##....#
#...# #..# ##....###..#
#...# #..############ ###
#####.).#####...@......#
.......................#
##.....................#
#..<...........######.#
#..............# #.#
#..............######.#
##..................{..#
.......................#
#####.####..>###########


There were no monsters in sight!

Vanquished Creatures
  2 orc wizards (D:4)
  6 adders
  A worm (D:2)
  4 giant geckos
  2 oozes (D:3)
  4 orcs
  2 ball pythons
  2 giant cockroaches (D:2)
  4 goblins
  7 hobgoblins
  11 kobolds
  8 bats
  2 giant newts
  2 jackals (D:3)
  3 rats
60 creatures vanquished.

Notes
Turn   | Place    | Note
--------------------------------------------------------------
     0 | D:1      | HollowCharge, the Demigod Conjurer, began the quest for the Orb.
     0 | D:1      | Reached XP level 1. HP: 14/14 MP: 3/3
   727 | D:1      | Reached XP level 2. HP: 15/20 MP: 2/5
   841 | D:1      | Learned a level 2 spell: Searing Ray
  1277 | D:2      | Reached skill level 4 in Conjurations
  1285 | D:2      | Reached XP level 3. HP: 13/26 MP: 1/8
  2115 | D:2      | Learned a level 3 spell: Dazzling Spray
  2467 | D:3      | Noticed Herrn's ghost (average MiFi)
  2711 | D:2      | Reached XP level 4. HP: 29/33 MP: 9/12
  3595 | D:4      | Reached XP level 5. HP: 38/38 MP: 10/15
  3628 | D:3      | Killed from afar by an orc wizard

Action                   |  1- 3 |  4- 6 || total
-------------------------+-------+-------++-------
Melee: Unarmed           |     9 |       ||     9
       Short sword       |    37 |    13 ||    50
 Cast: Magic Dart        |    43 |    28 ||    71
       Searing Ray       |     9 |    10 ||    19
  Use: Scroll            |     7 |     1 ||     8
       Potion            |     1 |       ||     1
 Stab: Sleeping          |     1 |       ||     1
